 Dungeon Crawl Stone Soup version 0.29.0-4-gdea44cf6ec (webtiles) character file.

Game seed: 7662133149013985866

533 qw the Cleaver (level 7, -1/61 HPs)
             Began as a Minotaur Fighter on Sept 6, 2022.
             Killed from afar by Dowan (8 damage)
             ... with a shard of ice
             ... on level 4 of the Dungeon.
             The game lasted 00:01:19 (2854 turns).

qw the Cleaver (Minotaur Fighter)                   Turns: 2854, Time: 00:01:19

Health: -1/61      AC:  6    Str: 23    XL:     7   Next: 4%
Magic:  6/6        EV:  9    Int:  5    God:
Gold:   180        SH:  4    Dex:  9    Spells: 6/6 levels left

rFire   . . .      SeeInvis .   Y - +0 war axe
rCold   . . .      Faith    .   c - +0 buckler
rNeg    . . .      Spirit   .   b - +0 scale mail
rPois   .          Reflect  .   (helmet restricted)
rElec   .          Harm     .   (no cloak)
rCorr   .          Rampage  .   (no gloves)
Will    .....                   (no boots)
Stlth   ..........              a - amulet of regeneration
HPRegen 1.00/turn               (no ring)
MPRegen 0.10/turn               (no ring)

@: lit by a corona, glowing
A: horns 2, retaliatory headbutt
a: no special abilities


You were on level 4 of the Dungeon.
You visited 1 branch of the dungeon, and saw 4 of its levels.

You collected 180 gold pieces.


Innate Abilities, Weirdness & Mutations

You have a pair of horns on your head.
You reflexively headbutt those who attack you in melee.


   Skills:
 - Level 5.5 Fighting
 + Level 8.0 Axes
 - Level 3.6 Armour
 - Level 1.2 Dodging
 - Level 3.6 Shields


You had 6 spell levels left.
You didn't know any spells.
Your spell library was empty.

Inventory:

Hand Weapons
 m - a +0 flail
 Y - a +0 war axe (weapon)
Armour
 b - a +0 scale mail (worn)
 c - a +0 buckler (worn)
Jewellery
 a - an amulet of regeneration (around neck)
Scrolls
 e - a scroll of identify
Potions
 d - a potion of might
 f - 2 potions of curing
 g - a potion of invisibility {unknown}
 j - a potion of resistance {unknown}
 k - a potion of ambrosia {unknown}

Dungeon Overview and Level Annotations

Branches:
Dungeon (4/15)
 Temple: D:4-7

Altars:

Shops:
D:3 [

Annotations:
D:4 Dowan


Message History

You closely miss Duvessa. Dowan hits you with a +0 dagger.
Duvessa hits you with a +0 short sword.
You slash Dowan! Your headbutt misses Dowan.
Dowan is severely wounded.
You barely miss Duvessa. Dowan hits you with a +0 dagger.
Duvessa barely misses you. You furiously retaliate!
You headbutt Duvessa! Duvessa hits you with a +0 short sword!
Dowan barely misses you.
You hit Dowan. Your headbutt misses Dowan.
Dowan is severely wounded.
You slash Duvessa! You block Dowan's attack.
Duvessa gestures with her weapon.
You block Duvessa's attack.
You slash Duvessa!
You kill Duvessa!
Dowan screams, "No!
No!"
Dowan seems to find hidden reserves of power!
You barely miss Dowan. Dowan hits you with a +0 dagger.
Dowan gestures at you while chanting. The shard of ice hits you!
Your Axes skill increases to level 8!
You have reached level 7!
You miss Dowan. Your headbutt misses Dowan.
Dowan is severely wounded.
Dowan hits you with a +0 dagger.
You closely miss Dowan.
Dowan is severely wounded.
Dowan hits you with a +0 dagger.
Dowan points at you and mumbles some strange words.
The stone arrow hits you!
You barely miss Dowan. Your headbutt misses Dowan.
Dowan is severely wounded.
Dowan gestures at you while chanting. The shard of ice hits you!
Dowan casts a spell.
Dowan blinks!
Dowan gestures at you while chanting. The shard of ice hits you!
You die...

########## #.........
#######.#######.
#........#...
######.#####..#.# .
...#.##.......####.# #
#.#......>........#
####............)###.#
..............##@#
..........#...##.#
######..###...#..e #
#..###...#....
######:.............
##....).....###.#.#..
(..####.##### #.#.####
#.......# #.#.#
#..######


You could see Dowan (fast).

Vanquished Creatures
  Sigmund (D:4)
  Duvessa (D:4)
  A black bear (D:4)
  An iguana (D:3)
  6 adders
  4 gnolls (D:3)
  A worm (D:2)
  A dart slug (D:3)
  3 ball pythons
  5 bats
  9 endoplasms
  A giant cockroach (D:1)
  3 goblins
  A hobgoblin (D:2)
  5 jackals
  3 quokkas (D:3)
  3 frilled lizards
  2 kobolds
  5 rats
56 creatures vanquished.

Notes
Turn   | Place    | Note
-------+----------+-------------------------------------------
     0 | D:1      | qw the Minotaur Fighter began the quest for the Orb.
     0 | D:1      | Reached XP level 1. HP: 19/19 MP: 0/0
     0 | D:1      | 0 ||| qw: Version: 0.1-a-108-g9e35731
     0 | D:1      | 0 ||| qw: Game counter: 6185
     0 | D:1      | 0 ||| qw: Always use a shield: true
     0 | D:1      | 0 ||| qw: God list: Ru
     0 | D:1      | 0 ||| qw: Allow faded altars: false
     0 | D:1      | 0 ||| qw: Do Orc after D:15 true
     0 | D:1      | 0 ||| qw: Do second Lair branch before Depths: true
     0 | D:1      | 0 ||| qw: Lair rune preference: random
     0 | D:1      | 0 ||| qw: Plans: Normal
     0 | D:1      | 0 ||| PLANNING D:1-11
   162 | D:1      | 162 ||| Stepping ~*~*~tactically~*~*~ (stealth).
   167 | D:1      | 167 ||| Stepping ~*~*~tactically~*~*~ (stealth).
   170 | D:1      | Reached skill level 3 in Axes
   177 | D:1      | 177 ||| Stepping ~*~*~tactically~*~*~ (stealth).
   226 | D:1      | Reached XP level 2. HP: 26/26 MP: 1/1
   855 | D:1      | 855 ||| READING 2 scrolls labelled ZYNGUO ISUQU.
   856 | D:1      | 856 ||| READING 2 scrolls labelled WIWEAFF TETIKH.
   860 | D:1      | 860 ||| READING scroll labelled TOMIEZ ORUUNGO.
   861 | D:1      | 861 ||| READING scroll labelled HYENGE ASINN.
   862 | D:1      | 862 ||| DRINKING 2 lumpy black potions.
   863 | D:1      | 863 ||| DROPPING scroll of immolation.
   864 | D:1      | 864 ||| DROPPING potion of degeneration.
   917 | D:2      | Reached skill level 4 in Axes
   970 | D:2      | Reached XP level 3. HP: 30/31 MP: 2/2
  1015 | D:2      | 1015 ||| Stepping ~*~*~tactically~*~*~ (stealth).
  1016 | D:2      | 1016 ||| Stepping ~*~*~tactically~*~*~ (stealth).
  1020 | D:2      | 1020 ||| Stepping ~*~*~tactically~*~*~ (stealth).
  1111 | D:2      | Reached skill level 5 in Axes
  1317 | D:2      | 1317 ||| Stepping ~*~*~tactically~*~*~ (stealth).
  1419 | D:2      | 1419 ||| READING scroll labelled KAROCR JUAME.
  1420 | D:2      | 1420 ||| READING scroll labelled BALUOXA YRCHAHU.
  1421 | D:2      | 1421 ||| READING scroll labelled ZAOTYHECOT.
  1422 | D:2      | 1422 ||| DRINKING 2 fuming brown potions.
  1443 | D:3      | Reached skill level 1 in Dodging
  1443 | D:3      | Reached XP level 4. HP: 39/39 MP: 3/3
  1697 | D:3      | Found Fyred's Armour Emporium.
  1784 | D:3      | 1784 ||| SHOPLISTING +0 pearl dragon scales (1100 gold,
                  | have 110).
  1784 | D:3      | 1784 ||| SHOPLISTING +0 plate armour (253 gold, have 110).
  1794 | D:3      | 1794 ||| Stepping ~*~*~tactically~*~*~ (hiding).
  1820 | D:3      | 1820 ||| Stepping ~*~*~tactically~*~*~ (stealth).
  1828 | D:3      | Reached skill level 6 in Axes
  1838 | D:3      | Reached XP level 5. HP: 31/45 MP: 4/4
  1852 | D:3      | 1852 ||| FLEEEEING.
  1853 | D:3      | 1853 ||| FLEEEEING.
  1854 | D:3      | 1854 ||| FLEEEEING.
  1855 | D:3      | 1855 ||| FLEEEEING.
  1856 | D:3      | 1856 ||| FLEEEEING.
  1857 | D:3      | 1857 ||| FLEEEEING.
  1858 | D:3      | 1858 ||| FLEEEEING.
  1859 | D:3      | 1859 ||| FLEEEEING.
  1860 | D:3      | 1860 ||| FLEEEEING.
  1861 | D:3      | 1861 ||| FLEEEEING.
  1866 | D:3      | 1866 ||| FLEEEEING.
  1867 | D:3      | 1867 ||| FLEEEEING.
  1868 | D:3      | 1868 ||| FLEEEEING.
  1869 | D:3      | 1869 ||| FLEEEEING.
  1870 | D:3      | 1870 ||| FLEEEEING.
  1876 | D:3      | 1876 ||| FLEEEEING.
  1877 | D:3      | 1877 ||| FLEEEEING.
  1878 | D:3      | 1878 ||| FLEEEEING.
  1879 | D:3      | 1879 ||| FLEEEEING.
  1892 | D:3      | 1892 ||| FLEEEEING.
  1893 | D:3      | 1893 ||| FLEEEEING.
  1894 | D:3      | 1894 ||| FLEEEEING.
  1895 | D:3      | 1895 ||| FLEEEEING.
  1896 | D:3      | 1896 ||| FLEEEEING.
  1897 | D:3      | 1897 ||| FLEEEEING.
  1898 | D:3      | 1898 ||| FLEEEEING.
  1899 | D:3      | 1899 ||| FLEEEEING.
  1904 | D:3      | 1904 ||| FLEEEEING.
  1905 | D:3      | 1905 ||| FLEEEEING.
  1906 | D:3      | 1906 ||| FLEEEEING.
  1907 | D:3      | 1907 ||| FLEEEEING.
  1908 | D:3      | 1908 ||| FLEEEEING.
  1909 | D:3      | 1909 ||| STAIRDANCE
  1918 | D:2      | 1918 ||| FLEEEEING.
  1919 | D:2      | 1919 ||| FLEEEEING.
  1920 | D:2      | 1920 ||| STAIRDANCE
  2133 | D:1      | 2133 ||| UPGRADING to amulet of regeneration.
  2140 | D:2      | 2140 ||| STAIRDANCE
  2512 | D:3      | 2512 ||| DROPPING +0 whip.
  2683 | D:3      | 2683 ||| READING scroll labelled SEDOFAAXUA.
  2684 | D:3      | 2684 ||| READING scroll labelled CECSEU TUCZUO.
  2685 | D:3      | 2685 ||| READING scroll of teleportation.
  2771 | D:4      | Noticed a black bear
  2780 | D:4      | Killed a black bear
  2781 | D:4      | Reached skill level 7 in Axes
  2801 | D:4      | Noticed Sigmund
  2813 | D:4      | Killed Sigmund
  2814 | D:4      | Reached XP level 6. HP: 56/56 MP: 5/5
  2832 | D:4      | Noticed Dowan
  2833 | D:4      | 2833 ||| Stepping ~*~*~tactically~*~*~ (hiding).
  2837 | D:4      | Noticed Duvessa
  2850 | D:4      | Killed Duvessa
  2851 | D:4      | Reached skill level 8 in Axes
  2851 | D:4      | Reached XP level 7. HP: 28/61 MP: 6/6
  2853 | D:4      | HP: 6/61 [Dowan/shard of ice (13)]
  2854 | D:4      | Killed from afar by Dowan

Levels and vault maps discovered:
D:1:      minmay_arrival_shattered_statue, layout_basic, st_stairs_1
D:2:      layout_rooms
D:3:      layout_loops_ring, serial_shops, shop, minmay_door_square,
          kennysheep_generic_room_3
D:4:      minmay_door_path, layout_loops_ring, mainiacjoe_overflow_catwalk,
          uniq_blork_the_orc, uniq_sigmund, uniq_edmund, uniq_ijyb, uniq_duvessa

Skill      XL: |  1  2  3  4  5  6 |
---------------+-------------------+-----
Axes           | 3 4 5 6 7 8 |  8.0
Dodging        | 1 |  1.2
Fighting       | 5 |  5.5
Armour         | |  3.6
Shields        | |  3.6

Action                   |  1- 3 |  4- 6 |  7- 9 || total
-------------------------+-------+-------+-------++-------
Melee: War axe           |    63 |    68 |     3 ||   134
       Headbutt          |     8 |     6 |       ||    14
  Use: Scroll            |     7 |     3 |       ||    10
       Potion            |     2 |       |       ||     2
Armor: Scale mail        |    22 |    17 |       ||    39
Dodge: Dodged            |    22 |    30 |       ||    52
Block: Buckler           |     7 |    15 |       ||    22

Table legend:
 A = Non-vault XP
 B = Vault XP
 C = Vault XP percentage of total XP
 D = Non-vault monster count
 E = Vault monster count
 F = Vault count percentage of total count
                 A         B        C        D         E       F
            +---------+---------+-------+---------+---------+-------
      Total |     372 |     390 |  51.2 |      51 |       5 |   8.9
            +---------+---------+-------+---------+---------+-------
        D:1 |      21 |       4 |  16.0 |      11 |       2 |  15.4
        D:2 |      70 |       0 |   0.0 |      20 |       0 |   0.0
        D:3 |     150 |       1 |   0.7 |      19 |       1 |   5.0
        D:4 |     131 |     385 |  74.6 |       1 |       2 |  66.7
            +---------+---------+-------+---------+---------+-------
